[Event "*** Titled Tuesday Blitz"]
[Site "Chess.com"]
[Date "2020.05.12"]
[Round "6"]
[White "Jenia84"]
[Black "Usurpov"]
[Result "0-1"]
[WhiteElo "2252"]
[BlackElo "2436"]
[TimeControl "180+1"]
[EndTime "11:04:10 PDT"]
[Termination "Usurpov won by checkmate"]

1. e4 c5 2. Nf3 e6 3. d4 cxd4 4. Nxd4 Nf6 5. Nc3 Nc6 6. Be3 Bb4 7. Qd3 d5 8. exd5 Nxd5 9. Nxc6 bxc6 10. Be2 Nxe3 11.
Qxe3 Qa5 12. O-O Bxc3 13. bxc3 O-O 14. Rab1 Ba6 15. Bxa6 Qxa6 16. Rb2 Rab8 17. Rfb1 Rxb2 18. Rxb2 Rd8 19. h4 h6 20. Qc5 Qe2 21. Kh2 Rd2 22.
Qxc6 Qe5+ 23. Kg1 Rd1# 0-1

[Event "*** Titled Tuesday Blitz"]
[Site "Chess.com"]
[Date "2020.05.12"]
[Round "6"]
[White "the_drake"]
[Black "NefeLV"]
[Result "0-1"]
[WhiteElo "2187"]
[BlackElo "1807"]
[TimeControl "180+1"]
[EndTime "11:04:11 PDT"]
[Termination "NefeLV won by checkmate"]

1. e4 e5 2. Nf3 Nc6 3. Bc4 Bc5 4. b4 Bxb4 5. c3 Ba5 6. d4 exd4 7. O-O Nge7 8. Ng5 O-O 9. Qh5 h6 10. Nxf7 Rxf7 11. Qxf7+ Kh7 12. cxd4 Nxd4 13. Bb2 Nec6 14. Rd1 Ne5 15. Qd5 Ndf3+ 16. gxf3 Nxf3+ 17. Kg2 Nh4+ 18. Kh3 d6+ 19. Kg3 Qg5+ 20. Qxg5 hxg5 21. Nc3 Bd7 22.
Nd5 Rf8 23. f4 c6 24. fxg5 Rf3+ 25. Kxh4 Rh3# 0-1

[Event "*** Titled Tuesday Blitz"]
[Site "Chess.com"]
[Date "2020.05.12"]
[Round "6"]
[White "Raja3401"]
[Black "Gennady_Kozlov"]
[Result "1-0"]
[WhiteElo "2780"]
[BlackElo "2606"]
[TimeControl "180+1"]
[EndTime "11:04:14 PDT"]
[Termination "Raja3401 won by resignation"]

1. e4 e6 2. d4 d5 3. Nd2 Nf6 4.
e5 Nfd7 5. Bd3 c5 6. c3 Nc6 7. Ne2 b6 8. O-O Bb7 9. f4 g6 10. g4 h5 11. f5 hxg4 12. fxe6 Qh4 13. exd7+ Kxd7 14. Rxf7+ Be7 15. Nf1 cxd4 16. cxd4 Raf8 17. Rxf8 Bxf8 18. Bf4 Nxd4 19. Nxd4 Bc5 20. Qa4+ Ke7 21. Bg3 Qg5 22. e6 Rd8 23. Kg2 Qf6 24. Qxa7 Qxd4 25. Qxb7+ Kxe6 26. Re1+ 1-0

[Event "*** Titled Tuesday Blitz"]
[Site "Chess.com"]
[Date "2020.05.12"]
[Round "6"]
[White "Kavyev_Ruslan"]
[Black "Rozum_Ivan"]
[Result "1-0"]
[WhiteElo "2471"]
[BlackElo "2597"]
[TimeControl "180+1"]
[EndTime "11:04:15 PDT"]
[Termination "Kavyev_Ruslan won by resignation"]

1. d4 Nf6 2. c4 e6 3. Nf3 d5 4. g3 Bb4+ 5. Bd2 Bd6 6. Bg2 O-O 7. O-O c6 8. Qc2 Nbd7 9. Nc3 dxc4 10. Rfd1 b5 11.
Bg5 Bb7 12. b3 cxb3 13. axb3 h6 14. Bxf6 Nxf6 15. Ne5 Qb6 16. Ne4 Nxe4 17. Bxe4 Bxe5 18. dxe5 Rfd8 19. b4 a5 20. bxa5 Rxa5 21. Rxd8+ Qxd8 22. Rd1 Qc7 23. Rd6 b4 24. Qd2 g6 25. Qxh6 Rxe5 26. Bxg6 fxg6 27. Qxg6+ Kh8 28. Qe8+ Kg7 29. Rd7+ Qxd7 30. Qxd7+ Kf6 31. Qxb7 c5 32. e4 1-0

[Event "*** Titled Tuesday Blitz"]
[Site "Chess.com"]
[Date "2020.05.12"]
[Round "6"]
[White "GMStefanova"]
[Black "GMJustin"]
[Result "1-0"]
[WhiteElo "2634"]
[BlackElo "2337"]
[TimeControl "180+1"]
[EndTime "11:04:16 PDT"]
[Termination "GMStefanova won on time"]

1. d4 Nf6 2. Nf3 g6 3. g3 Bg7 4. Bg2 d5 5. O-O O-O 6. Be3 c6 7. Qc1 Bf5 8. h3 Ne4 9. Bh6 Qb6 10.
Bxg7 Kxg7 11. Rd1 Nd7 12. c4 e5 13. e3 dxc4 14. Na3 exd4 15. Nxd4 Ndf6 16. Nxf5+ gxf5 17. Nxc4 Qc5 18. Nd6 Qxc1 19. Nxf5+ Kg6 20. Ne7+ Kg7 21. Raxc1 Rfd8 22. Nf5+ Kg6 23. g4 h5 24. Nh4+ 1-0

[Event "*** Titled Tuesday Blitz"]
[Site "Chess.com"]
[Date "2020.05.12"]
[Round "6"]
[White "GothamChess"]
[Black "A-Fier"]
[Result "0-1"]
[WhiteElo "2597"]
[BlackElo "2773"]
[TimeControl "180+1"]
[EndTime "11:04:17 PDT"]
[Termination "A-Fier won by checkmate"]

1. e4 c5 2. a3 g6 3. Nc3 Bg7 4. Bc4 Nc6 5. d3 e6 6. Ba2 Nge7 7. h4 h5 8. Bg5 Qc7 9. Nge2 a6 10. Qd2 b6 11.
Be3 Bb7 12. d4 cxd4 13. Nxd4 O-O 14. g4 Qe5 15. Nf3 Qa5 16. gxh5 Qxh5 17. Rh3 d5 18.
O-O-O d4 19. Nxd4 Nxd4 20. Bxd4 Rad8 21. Qe3 Rxd4 22. Rxd4 Bh6 23. f4 e5 24. Rd2 Bxf4 25.
Qxb6 Bc8 26. Rd3 Qxh4 27. Qg1 Nc6 28. Qxg6+ Kh8 29. Qxc6 Bg4 30. Qd6 Qe1+ 31. Nd1 Qxd1# 0-1

[Event "*** Titled Tuesday Blitz"]
[Site "Chess.com"]
[Date "2020.05.12"]
[Round "6"]
[White "mbachez"]
[Black "Gajuchess"]
[Result "0-1"]
[WhiteElo "2482"]
[BlackElo "2698"]
[TimeControl "180+1"]
[EndTime "11:04:19 PDT"]
[Termination "Gajuchess won by resignation"]

1. e4 c6 2. d4 d5 3. Nc3 dxe4 4. Nxe4 Nf6 5. Nxf6+ exf6 6. c3 Bd6 7. Qe2+ Kf8 8.
Nf3 Bf5 9. Nh4 Be6 10. Qf3 Qd7 11.
Bd3 Bg4 12. Qe4 Na6 13. Bxa6 Re8 14. Bd3 Rxe4+ 15. Bxe4 Qe7 16. f3 f5 17. fxg4 Qxe4+ 18. Kf2 Qc2+ 19. Kf3 fxg4+ 20. Kxg4 Qe4+ 21. Kh3 h5 22. g3 Qxh1 23. Bf4 Qxa1 24. Bxd6+ Ke8 25. Ba3 Qd1 26.
Kg2 Qe2+ 27. Kg1 Kd7 28. Ng2 Re8 29. Nf4 Qf3 0-1

[Event "*** Titled Tuesday Blitz"]
[Site "Chess.com"]
[Date "2020.05.12"]
[Round "6"]
[White "CakeinSpace2002"]
[Black "Nikithebest"]
[Result "1-0"]
[WhiteElo "2237"]
[BlackElo "2385"]
[TimeControl "180+1"]
[EndTime "11:04:19 PDT"]
[Termination "CakeinSpace2002 won by resignation"]

1. e4 c5 2. Nf3 d6 3. Bb5+ Bd7 4. Bxd7+ Nxd7 5. O-O Ngf6 6. Re1 e6 7. c3 Be7 8. d4 cxd4 9. cxd4 d5 10. e5 Ne4 11.
Nbd2 Nxd2 12. Bxd2 O-O 13. Rc1 Rc8 14. Qb3 Qb6 15. Qxb6 Nxb6 16. Rxc8 Rxc8 17. Rc1 Rxc1+ 18. Bxc1 f6 19. Kf1 Nc4 20. b3 Na5 21. Ke2 Nc6 22.
Kd3 fxe5 23. Nxe5 Nxe5+ 24. dxe5 Bc5 25. f4 h5 26. h3 h4 27. Bd2 g6 28. Be1 Be7 29. Ke2 Kf7 30. Kf3 g5 31. fxg5 Bxg5 32. Kg4 Kg6 33. Bxh4 Bxh4 34. Kxh4 Kf5 35. Kg3 Ke4 36.
Kf2 Kd3 37. h4 Kc2 38. Ke3 d4+ 39. Kxd4 1-0

[Event "*** Titled Tuesday Blitz"]
[Site "Chess.com"]
[Date "2020.05.12"]
[Round "6"]
[White "Baby_Legs"]
[Black "Kildepiotr"]
[Result "1-0"]
[WhiteElo "2727"]
[BlackElo "2552"]
[TimeControl "180+1"]
[EndTime "11:04:20 PDT"]
[Termination "Baby_Legs won by resignation"]

1. d4 Nf6 2. c4 e6 3. Nc3 Bb4 4. Qc2 d5 5. cxd5 exd5 6. Bg5 h6 7. Bh4 c5 8. dxc5 Nbd7 9. a3 Qa5 10. Rc1 Bxc3+ 11.
Qxc3 Qxc3+ 12. Rxc3 Ne4 13. Rc1 Nexc5 14. Nf3 f5 15. e3 g5 16. Bg3 Ne4 17. Nd4 Ndf6 18. Be5 O-O 19. f3 Re8 20. Bc7 f4 21. Bb5 Bd7 22.
Bxd7 Nxd7 23. fxe4 Rxe4 24. O-O fxe3 25. Nf5 d4 26. Rc4 e2 27. Re1 Rf8 28. Rxd4 Re6 29. Ng3 1-0

[Event "*** Titled Tuesday Blitz"]
[Site "Chess.com"]
[Date "2020.05.12"]
[Round "6"]
[White "Tashik"]
[Black "RobertoJBM"]
[Result "1-0"]
[WhiteElo "2459"]
[BlackElo "2572"]
[TimeControl "180+1"]
[EndTime "11:04:21 PDT"]
[Termination "Tashik won by resignation"]

1. c4 c6 2. d4 d5 3. Nf3 Nf6 4. Nc3 dxc4 5. a4 Bf5 6. Ne5 Nbd7 7. Nxc4 Nb6 8. Ne3 Bg6 9. a5 Nbd5 10. Nexd5 Nxd5 11. Qb3 e6 12. e4 Nb4 13. Be3 Be7 14. Ra4 Qd6 15. e5 Nc2+ 16. Qxc2 Bxc2 17. exd6 Bxa4 18.
dxe7 Bb3 19. Ne4 Kxe7 20. Nc5 Bd5 21. Nxb7 a6 22. Bf4 f6 23. Nc5 g5 24. Bg3 h5 25.
h4 gxh4 26. Rxh4 Kf7 27. Kd2 Kg6 28. Bd3+ f5 29. f3 Rhg8 30. Be5 Kg5 31. Rh2 f4 32. Nxa6 h4 33. b4 Ra7 34. Nc5 Kh5 35. Ne4 1-0

[Event "*** Titled Tuesday Blitz"]
[Site "Chess.com"]
[Date "2020.05.12"]
[Round "6"]
[White "Semetey"]
[Black "maurito96"]
[Result "1-0"]
[WhiteElo "2542"]
[BlackElo "2193"]
[TimeControl "180+1"]
[EndTime "11:04:21 PDT"]
[Termination "Semetey won by resignation"]

1. Nf3 c5 2. e3 Nf6 3. d4 e6 4. Be2 d5 5. O-O Nc6 6. c4 dxc4 7. Bxc4 cxd4 8. exd4 Be7 9. Nc3 O-O 10. Bg5 h6 11.
Bh4 b6 12. a3 Bb7 13. Qd3 Nh5 14.
Bg3 Nxg3 15. hxg3 Bf6 16. Rad1 Rc8 17. Ba2 g6 18. Rfe1 Bg7 19. d5 exd5 20. Nxd5 Re8 21. Rxe8+ Qxe8 22. Re1 Qf8 23. Nf4 Kh7 24. Qd7 Nd8 25.
Re8 Bc6 26. Ng5+ hxg5 27. Qh3+ Kg8 28. Rxf8+ Kxf8 29. Qxc8 1-0

[Event "*** Titled Tuesday Blitz"]
[Site "Chess.com"]
[Date "2020.05.12"]
[Round "6"]
[White "SlovenskiZmaj"]
[Black "Playgood28"]
[Result "1-0"]
[WhiteElo "2530"]
[BlackElo "2259"]
[TimeControl "180+1"]
[EndTime "11:04:24 PDT"]
[Termination "SlovenskiZmaj won by resignation"]

1. d4 f5 2. Bg5 h6 3. Bh4 g5 4. e3 Bg7 5. Bg3 Nf6 6. Nc3 d6 7.
Bc4 e6 8. h4 g4 9. Nge2 O-O 10.
Nf4 Re8 11. Qe2 d5 12. Bb3 c6 13. O-O-O a5 14. a4 b6 15. f3 Ba6 16. Qf2 Nbd7 17. e4 fxe4 18. fxe4 Rf8 19. Qe3 e5 20. dxe5 Nxe5 21.
Ne6 Qe7 22. Nxf8 Rxf8 23. exd5 Nxd5 24. Nxd5 cxd5 25. Rxd5 Nd3+ 26. Rxd3+ 1-0

[Event "*** Titled Tuesday Blitz"]
[Site "Chess.com"]
[Date "2020.05.12"]
[Round "6"]
[White "dosto07"]
[Black "luizwas"]
[Result "0-1"]
[WhiteElo "2022"]
[BlackElo "1748"]
[TimeControl "180+1"]
[EndTime "11:04:24 PDT"]
[Termination "luizwas won by resignation"]

1. e4 e6 2. d4 d5 3. Nd2 Nc6 4. Ngf3 Nf6 5. e5 Nd7 6. Bb5 f6 7. exf6 Qxf6 8. Nb3 Bd6 9. O-O O-O 10. Bg5 Qf7 11.
c4 dxc4 12. Bxc4 Nb6 13. Bd3 Qh5 14. Be3 Rxf3 15. g3 Qf7 16. Kg2 Rf6 17. Qc2 g6 18.
a3 Nd5 19. Nc5 Nxe3+ 20. fxe3 Bxc5 21. dxc5 Bd7 22. Rxf6 Qxf6 23. Rf1 Qg7 24. Qb3 b6 25. Bb5 Rf8 26. Rd1 Na5 27. Qa4 Bxb5 28. Qxb5 Qf6 29.
Qe2 Nc4 30. e4 Qxb2 31. Qxb2 Nxb2 32. Rd7 Rf7 33. c6 Nc4 34. Rd8+ Kg7 35. Ra8 a5 36. a4 Ne5 0-1

[Event "*** Titled Tuesday Blitz"]
[Site "Chess.com"]
[Date "2020.05.12"]
[Round "6"]
[White "aquiles88"]
[Black "kleopl"]
[Result "0-1"]
[WhiteElo "2230"]
[BlackElo "2408"]
[TimeControl "180+1"]
[EndTime "11:04:26 PDT"]
[Termination "kleopl won by resignation"]

1. e4 c6 2. Nf3 d5 3. d3 dxe4 4. dxe4 Qxd1+ 5. Kxd1 Bg4 6. Be3 Nd7 7. Nd2 f6 8. Bc4 e5 9. a4 Bc5 10. Ke2 Ne7 11. c3 Bxe3 12. Kxe3 O-O-O 13. h3 Bh5 14. a5 Kc7 15. Nb3 Rhf8 16. Rhd1 Bf7 17. Nfd2 Nc8 18. Bxf7 Rxf7 19. Nc4 Rff8 20. Rd2 Nb8 21. Rad1 b5 22. Na3 Na6 23. h4 Rxd2 24. Rxd2 Nd6 25. f3 f5 26. g3 fxe4 27. fxe4 Rf1 28. Nc2 Nc4+ 0-1

[Event "*** Titled Tuesday Blitz"]
[Site "Chess.com"]
[Date "2020.05.12"]
[Round "6"]
[White "Mfcyryd"]
[Black "Khamrakulov_Djurabek"]
[Result "1-0"]
[WhiteElo "2578"]
[BlackElo "2796"]
[TimeControl "180+1"]
[EndTime "11:04:27 PDT"]
[Termination "Mfcyryd won by resignation"]

1. e4 c6 2. d4 d5 3. exd5 cxd5 4. Bd3 Nc6 5. c3 Qc7 6. Ne2 Bg4 7. h3 Bh5 8. O-O e6 9. Re1 Bd6 10. Na3 a6 11. b4 b5 12. Nc2 Nf6 13. a4 Rb8 14.
axb5 axb5 15. Bg5 Ne4 16. Bxe4 dxe4 17. Qd2 h6 18. Bf4 Bxe2 19. Bxd6 Qxd6 20. Qxe2 f5 21. f3 exf3 22. Qxe6+ Qxe6 23. Rxe6+ Kd7 24. d5 Nd8 25. Re5 fxg2 26. Rxf5 Re8 27. Nd4 Re3 28.
Ra7+ Ke8 29. Rxg7 Rxc3 30. d6 Rb7 31. d7+ Rxd7 32. Re5+ Ne6 33. Rxe6+ Kd8 34. Rg8+ 1-0

[Event "*** Titled Tuesday Blitz"]
[Site "Chess.com"]
[Date "2020.05.12"]
[Round "6"]
[White "InitiatingASC"]
[Black "valeriocarnicelli"]
[Result "1-0"]
[WhiteElo "2344"]
[BlackElo "2528"]
[TimeControl "180+1"]
[EndTime "11:04:27 PDT"]
[Termination "InitiatingASC won by resignation"]

1. d4 d5 2. c4 c6 3. Nc3 Nf6 4.
e3 e6 5. Nf3 Nbd7 6. Be2 dxc4 7. Bxc4 b5 8. Be2 Bb7 9. O-O b4 10. Na4 c5 11. b3 a6 12. Bb2 Be7 13. dxc5 Nxc5 14. Nxc5 Bxc5 15. Rc1 Be7 16. Qxd8+ Rxd8 17. Rc7 Rd7 18. Rfc1 Kd8 19. Ne5 Rxc7 20. Nxf7+ Kd7 21. Rxc7+ Kxc7 22. Nxh8 Ne4 23. Bxg7 Nc3 24. Bc4 Nxa2 25. Bxe6 Nc1 26. Nf7 Be4 27. Be5+ Kc6 28. Bb2 Nd3 29. Bd4 Bd5 30. Bf5 Bxb3 31. Bxd3 Bxf7 32. Bxa6 b3 33. Bd3 Ba3 34. Bxh7 b2 35. Bb1 Kb5 36. g4 Kc4 37. Ba2+ Kd3 38. Bxb2 1-0

[Event "*** Titled Tuesday Blitz"]
[Site "Chess.com"]
[Date "2020.05.12"]
[Round "6"]
[White "Masterbeaterr"]
[Black "Escanor89"]
[Result "0-1"]
[WhiteElo "2334"]
[BlackElo "2563"]
[TimeControl "180+1"]
[EndTime "11:04:28 PDT"]
[Termination "Escanor89 won by resignation"]

1. d4 Nf6 2. c4 g6 3. Nc3 Bg7 4. e4 d6 5. Nf3 O-O 6. Be2 Bg4 7. Ng1 Bc8 8. Nf3 e5 9. O-O Nc6 10. d5 Ne7 11. Nd2 Nd7 12. b4 a5 13. bxa5 Rxa5 14.
Nb3 Ra8 15. Be3 f5 16. f3 fxe4 17. fxe4 Rxf1+ 18. Qxf1 Nf6 19. c5 Ng4 20. Bxg4 Bxg4 21. Qf2 Bd7 22. Rf1 Qe8 23. Bg5 h6 24. Bf6 Qf7 25. Bxg7 Qxf2+ 26. Rxf2 Kxg7 27. Kf1 Ng8 28. Ke2 Nf6 29. h3 Nh5 30. Ke3 Nf4 31. h4 g5 32.
g3 Nh5 33. hxg5 hxg5 34. Rg2 Nf6 35. Rc2 Kf7 36. cxd6 cxd6 37. Nd2 Ke7 38. Nc4 Rf8 39.
Nb6 Ng4+ 40. Kd3 Rf3+ 41. Kc4 Ne3+ 0-1

[Event "*** Titled Tuesday Blitz"]
[Site "Chess.com"]
[Date "2020.05.12"]
[Round "6"]
[White "chess94cu"]
[Black "CuattroPrincesses"]
[Result "1-0"]
[WhiteElo "2457"]
[BlackElo "2284"]
[TimeControl "180+1"]
[EndTime "11:04:28 PDT"]
[Termination "chess94cu won by resignation"]

1. d4 Nf6 2. c4 g6 3. Nc3 Bg7 4. e4 d6 5. Be2 O-O 6. Bg5 c5 7. d5 e6 8. Qd2 exd5 9. exd5 a6 10. a4 Re8 11. Nf3 Bg4 12. O-O Nbd7 13. h3 Bxf3 14.
Bxf3 Qe7 15. Rfe1 Qf8 16. Bf4 Rxe1+ 17. Rxe1 Re8 18. g4 Ne5 19. Be2 Qe7 20. Kf1 Nfd7 21.
Bg3 g5 22. b3 h6 23. Bd1 Qd8 24. Ne4 Qc7 25. Kg2 Nf6 26. Bc2 Nxe4 27. Rxe4 Qd8 28. f4 gxf4 29. Qxf4 Ng6 30. Qxd6 Nh4+ 31. Kf2 Bd4+ 32.
Kf1 Qxd6 33. Rxe8+ Qf8 34. Rxf8+ 1-0

[Event "*** Titled Tuesday Blitz"]
[Site "Chess.com"]
[Date "2020.05.12"]
[Round "6"]
[White "Trankuilizer"]
[Black "Caterpiller35"]
[Result "1-0"]
[WhiteElo "2553"]
[BlackElo "2361"]
[TimeControl "180+1"]
[EndTime "11:04:30 PDT"]
[Termination "Trankuilizer won by resignation"]

1. e4 c5 2. c3 Nf6 3. e5 Nd5 4. d4 cxd4 5. Nf3 Nc6 6. cxd4 d6 7. Bc4 e6 8. O-O Be7 9. Qe2 O-O 10. Nc3 Nxc3 11. bxc3 dxe5 12. dxe5 Qa5 13. Bd2 Bd7 14. Rfe1 Rfd8 15. Bd3 Be8 16. Qe4 g6 17. Bc2 Rac8 18.
h4 Rd5 19. Bb3 Rxd2 20. Nxd2 Qxc3 21. Nf3 Na5 22. Qf4 Nxb3 23. axb3 Qxb3 24. Rxa7 Bc5 25. Raa1 Qb2 26. Ng5 h6 27. Ne4 Be7 28. Rab1 Qc2 29. Rxb7 Bd8 30. Qxh6 1-0

[Event "*** Titled Tuesday Blitz"]
[Site "Chess.com"]
[Date "2020.05.12"]
[Round "6"]
[White "Charlottemillard17"]
[Black "Shivagami"]
[Result "0-1"]
[WhiteElo "1402"]
[BlackElo "2202"]
[TimeControl "180+1"]
[EndTime "11:04:30 PDT"]
[Termination "Shivagami won by checkmate"]

1. e4 c5 2. Nf3 d6 3. d4 cxd4 4. Nxd4 Nf6 5. Nc3 a6 6. f4 e5 7. Nb3 Nc6 8. Be2 Be7 9. f5 O-O 10. g4 d5 11. exd5 Nb4 12. Bf3 Qb6 13. g5 Ne8 14. f6 gxf6 15. gxf6 Bxf6 16. Bh6 Bh4+ 17. Kd2 Qxh6+ 18. Ke2 Bf5 19. Rg1+ Kh8 20. Bg4 Bxc2 21. Qf1 Bd3+ 22. Kf3 Qf4+ 23. Kg2 Bxf1+ 24. Raxf1 Qxg4+ 25. Kh1 Qh5 26. d6 Nxd6 27. Nd5 Nxd5 28. Nc5 Rac8 29.
Nd7 Rg8 30. Rxg8+ Rxg8 31. Nxe5 Qxe5 32. b4 Qe4+ 33. Rf3 Qxf3# 0-1

[Event "*** Titled Tuesday Blitz"]
[Site "Chess.com"]
[Date "2020.05.12"]
[Round "6"]
[White "1stSecond"]
[Black "Robert_Chessmood"]
[Result "1-0"]
[WhiteElo "2698"]
[BlackElo "2940"]
[TimeControl "180+1"]
[EndTime "11:04:31 PDT"]
[Termination "1stSecond won on time"]

1. d4 d5 2. Nf3 Nf6 3. c4 c6 4.
Nc3 e6 5. e3 Nbd7 6. Qc2 Bd6 7.
g4 Nxg4 8. Rg1 Qf6 9. Rxg4 Qxf3 10. Rxg7 Nf6 11. Rg5 Qh1 12. Bd2 Qxh2 13. Rg2 Qh5 14. Be2 Qh1+ 15. Bf1 e5 16. dxe5 Bxe5 17. O-O-O Bh3 18.
Rg5 Bc7 19. Bxh3 Qxh3 20. Rf5 Nd7 21. cxd5 O-O-O 22. dxc6 bxc6 23. Ne4 Nb6 24. Ng5 Rxd2 25. Nxh3 Rxc2+ 26. Kxc2 Nd5 27. Rxf7 h5 28. Rg1 Rd8 29. a3 Nb6 30. Rg6 1-0

[Event "*** Titled Tuesday Blitz"]
[Site "Chess.com"]
[Date "2020.05.12"]
[Round "6"]
[White "PowerThinking2650"]
[Black "Aikiigm"]
[Result "0-1"]
[WhiteElo "2288"]
[BlackElo "2496"]
[TimeControl "180+1"]
[EndTime "11:04:33 PDT"]
[Termination "Aikiigm won by resignation"]

1. e4 Nf6 2. Nc3 e5 3. Bc4 Nxe4 4. Qe2 Nxc3 5. Qxe5+ Qe7 6. Qxe7+ Bxe7 7. dxc3 c6 8.
Bf4 d5 9. Bd3 Nd7 10. O-O-O Nc5 11. Nf3 Nxd3+ 12. cxd3 Bg4 13. Rhe1 Bxf3 14. gxf3 Kd7 15. c4 Rhe8 16. cxd5 cxd5 17. Kb1 Bd6 18. Bxd6 Kxd6 19. Re3 Re6 20. Rg1 g6 21. Kc2 Rae8 22.
Kd2 Rc8 23. Rg4 Rc6 24. Rb4 b6 25. Rf4 Rc7 26. h4 h5 27. Rd4 Rce7 28. Rf4 Rd7 29. Rd4 a5 30. a4 f5 31. b4 Ra7 32. b5 Rc7 33. Rf4 Rc5 34. Rd4 Rc7 35. Rf4 Rce7 36. Rd4 Kc5 37. Rf4 d4 38. Rxe6 Rxe6 39. Kd1 Kd5 40. Kd2 Ke5 0-1

[Event "*** Titled Tuesday Blitz"]
[Site "Chess.com"]
[Date "2020.05.12"]
[Round "6"]
[White "KaterinaMiroshnik"]
[Black "attack2mateU"]
[Result "0-1"]
[WhiteElo "2458"]
[BlackElo "2626"]
[TimeControl "180+1"]
[EndTime "11:04:34 PDT"]
[Termination "attack2mateU won by resignation"]

1. d3 e5 2. Nd2 d5 3. Ngf3 Nc6 4. e4 Nf6 5. Be2 Bc5 6. O-O O-O 7. c3 a5 8. Qc2 Re8 9. b3 h6 10. Bb2 dxe4 11. dxe4 Nh5 12. Rfe1 Nf4 13. Bf1 Qf6 14.
a3 g5 15. b4 Ba7 16. b5 Nd8 17. h3 h5 18. Nc4 g4 19. hxg4 hxg4 20. Nfxe5 Rxe5 21.
Nxe5 Qxe5 22. c4 Qh5 23. Qc3 Nde6 24. g3 Bd4 25. Qd2 Bxb2 26. Qxb2 Ng6 27. Bg2 Ng5 28. e5 Nf3+ 29. Bxf3 gxf3 30. Re3 Bg4 31. Qb1 Kg7 32. Qe1 Rh8 0-1

[Event "*** Titled Tuesday Blitz"]
[Site "Chess.com"]
[Date "2020.05.12"]
[Round "6"]
[White "AlexTriapishko"]
[Black "Bathory44"]
[Result "1-0"]
[WhiteElo "2772"]
[BlackElo "2594"]
[TimeControl "180+1"]
[EndTime "11:04:35 PDT"]
[Termination "AlexTriapishko won by resignation"]

1. e4 e6 2. d4 d5 3. Nc3 Nf6 4. Bg5 Be7 5. e5 Nfd7 6. Bxe7 Qxe7 7. f4 O-O 8. Nf3 c5 9. Bd3 h6 10. dxc5 Nxc5 11. O-O Nc6 12. Nb5 f6 13. Nd6 fxe5 14. fxe5 Rxf3 15. gxf3 Nxe5 16. Nxc8 Rxc8 17. f4 Ncxd3 18. cxd3 Ng6 19. Qg4 Qf6 20. Rae1 Rc6 21. f5 Ne5 22. Qg3 Nf7 23. fxe6 1-0

[Event "*** Titled Tuesday Blitz"]
[Site "Chess.com"]
[Date "2020.05.12"]
[Round "6"]
[White "Poghosyan_Suren"]
[Black "Fy_Rakotomaharo"]
[Result "0-1"]
[WhiteElo "2504"]
[BlackElo "2653"]
[TimeControl "180+1"]
[EndTime "11:04:37 PDT"]
[Termination "Fy_Rakotomaharo won by resignation"]

1. d4 Nf6 2. Nf3 g6 3. Bg5 Bg7 4. Nbd2 O-O 5. e3 b6 6. Bc4 Bb7 7. O-O c5 8. c3 d5 9. Bd3 Nbd7 10.
a4 a6 11. Ne5 Nxe5 12. dxe5 Nd7 13. e6 fxe6 14. Qg4 Ne5 15. Qxe6+ Rf7 16. Bxg6 hxg6 17.
Qh3 Qd7 18. Qg3 Qg4 19. a5 Qxg3 20. hxg3 b5 21. Nb3 Nd7 22. Rad1 e5 23. Rd2 c4 24.
Nc1 Nc5 25. f3 Rd7 26. Rfd1 Kf7 27. g4 Bf6 28. Bxf6 Kxf6 29. Kf2 Rad8 30. g3 e4 31. f4 Nd3+ 32. Nxd3 exd3 33. Rh1 Kg7 34.
Rh4 Rh8 35. Rd1 g5 36. Rxh8 Kxh8 37. Rh1+ Kg7 38. Rh6 Kxh6 0-1

[Event "*** Titled Tuesday Blitz"]
[Site "Chess.com"]
[Date "2020.05.12"]
[Round "6"]
[White "bait_or_mate"]
[Black "vladimir_petrov"]
[Result "0-1"]
[WhiteElo "2476"]
[BlackElo "2325"]
[TimeControl "180+1"]
[EndTime "11:04:39 PDT"]
[Termination "vladimir_petrov won by resignation"]

1. d4 Nf6 2. c4 e6 3. Nf3 b6 4. g3 Ba6 5. Qc2 c5 6. Bg2 Bb7 7. dxc5 Bxc5 8. O-O O-O 9. a3 Nc6 10. b4 Be7 11. Rd1 Rc8 12. Bb2 d5 13. Qa4 Qe8 14.
cxd5 Nxd5 15. Nbd2 Bf6 16. Bxf6 Nxf6 17. Nc4 Nd4 18.
Qxe8 Nxe2+ 19. Kf1 Nxe8 20. Kxe2 Rxc4 21. Ne5 Rc2+ 22.
Kd3 Rc7 23. Bxb7 Rxb7 24. Kc4 Nf6 25. Kb5 Nd5 26. Rac1 f6 27. Ka6 Rfb8 28. Rc8+ Rxc8 29. Kxb7 Rc7+ 30. Kb8 fxe5 31. Rxd5 exd5 32. Kxc7 d4 33. Kb7 d3 34. Kxa7 d2 0-1

[Event "*** Titled Tuesday Blitz"]
[Site "Chess.com"]
[Date "2020.05.12"]
[Round "6"]
[White "mmaks007"]
[Black "mc4chess"]
[Result "1-0"]
[WhiteElo "2253"]
[BlackElo "2398"]
[TimeControl "180+1"]
[EndTime "11:04:39 PDT"]
[Termination "mmaks007 won on time"]

1. e4 c5 2. Nf3 e6 3. d4 cxd4 4. Nxd4 a6 5. c4 Qc7 6. Nc3 Nf6 7. Be2 h5 8. O-O Nc6 9. Nxc6 bxc6 10. Be3 Bb4 11.
Qc2 e5 12. f3 h4 13. a3 Be7 14.
Rad1 Rb8 15. b4 d6 16. Na4 Nh5 17. c5 Be6 18. cxd6 Bxd6 19. Nc5 Bc8 20. Nxa6 Bxa6 21. Bxa6 h3 22. g3 1-0

[Event "*** Titled Tuesday Blitz"]
[Site "Chess.com"]
[Date "2020.05.12"]
[Round "6"]
[White "cassoulet"]
[Black "Radzio1987"]
[Result "0-1"]
[WhiteElo "2665"]
[BlackElo "2880"]
[TimeControl "180+1"]
[EndTime "11:04:41 PDT"]
[Termination "Radzio1987 won by resignation"]

1. e4 c6 2. d4 d5 3. Nc3 dxe4 4. Nxe4 Nd7 5. Nf3 Ngf6 6. Ng3 e6 7. Bd3 b6 8. O-O Be7 9. Qe2 O-O 10. c4 Bb7 11. b3 c5 12. Bb2 Re8 13. Rad1 Qc7 14.
Ne5 cxd4 15. Bxd4 Rad8 16. Bc2 Nxe5 17. Bxe5 Qc6 18. f4 Ng4 19. Bxg7 Bc5+ 20. Kh1 Rxd1 21. Bxd1 Ne3 22. Rf3 Kxg7 23. Nh5+ Kf8 24. Rg3 Rd8 25. Bc2 Nxc2 26. Qxc2 Qe4 27. Qc1 Qe2 0-1

[Event "*** Titled Tuesday Blitz"]
[Site "Chess.com"]
[Date "2020.05.12"]
[Round "6"]
[White "ErikRonka"]
[Black "Ave_Mariia"]
[Result "0-1"]
[WhiteElo "2407"]
[BlackElo "2264"]
[TimeControl "180+1"]
[EndTime "11:04:41 PDT"]
[Termination "Ave_Mariia won by resignation"]

1. Nf3 Nf6 2. c4 g6 3. Nc3 Bg7 4. e4 d6 5. d4 O-O 6. Be2 e5 7. dxe5 dxe5 8. Qxd8 Rxd8 9. Bg5 c6 10. Nxe5 Re8 11.
O-O-O Na6 12. Rd6 Nxe4 13. Nxe4 Bxe5 14. Nf6+ Bxf6 15. Bxf6 Nc5 16. Bf3 Bf5 17. Rhd1 a5 18. Bc3 a4 19. Bb4 Ne4 20. Bxe4 Bxe4 21. f3 Bf5 22. Bc3 Be6 23. b3 Rec8 24. g4 b5 25. cxb5 cxb5 26. Kb2 a3+ 27. Kc2 b4 28. Kb1 Rxc3 0-1

[Event "*** Titled Tuesday Blitz"]
[Site "Chess.com"]
[Date "2020.05.12"]
[Round "6"]
[White "Sethu0025"]
[Black "frankshar"]
[Result "1-0"]
[WhiteElo "2729"]
[BlackElo "2345"]
[TimeControl "180+1"]
[EndTime "11:04:42 PDT"]
[Termination "Sethu0025 won by resignation"]

1. d4 Nf6 2. c4 e6 3. Nf3 d5 4. Nc3 c6 5. e3 a6 6. a3 dxc4 7. Bxc4 b5 8. Ba2 c5 9. d5 exd5 10. Nxd5 Bb7 11. Nxf6+ Qxf6 12. e4 Bxe4 13. Qe2 Qe7 14.
O-O Nd7 15. Ng5 Bc6 16. Bxf7+ Kd8 17. Be6 Kc7 18. Bf4+ Kb7 19. Rad1 Re8 20. Rfe1 Nf6 21.
Nf7 Ne4 22. Qg4 Qxe6 23. Nd8+ 1-0

[Event "*** Titled Tuesday Blitz"]
[Site "Chess.com"]
[Date "2020.05.12"]
[Round "6"]
[White "krstulov_alex"]
[Black "Quattroporte300"]
[Result "1-0"]
[WhiteElo "2542"]
[BlackElo "2328"]
[TimeControl "180+1"]
[EndTime "11:04:42 PDT"]
[Termination "krstulov_alex won by resignation"]

1. d4 Nf6 2. c4 e6 3. Nf3 d5 4.
Nc3 c6 5. Bg5 Nbd7 6. e3 Qa5 7.
Nd2 Bb4 8. Qc2 O-O 9. Be2 c5 10.
cxd5 cxd4 11. exd4 Nxd5 12. Nxd5 Qxd5 13. Be3 Qxg2 14. O-O-O Qc6 15. Qxc6 bxc6 16. Bf3 Bb7 17. Ne4 Rac8 18. a3 Be7 19. Nc5 Nxc5 20. dxc5 Rfd8 21. b4 e5 22. Bg4 Rxd1+ 23. Rxd1 Rd8 24. Rxd8+ Bxd8 25. Bd7 Kf8 26. b5 cxb5 27. c6 Ba6 28. Bc5+ Kg8 29. Bd6 Bg5+ 30. Kc2 f5 31. Bxf5 1-0